 Dungeon Crawl Stone Soup version 0.18-a0-1797-gc18daef (webtiles) character file.

3 ololoev the Skirmisher (level 1, 0/20 HPs)
             Began as a Hill Orc Fighter on Apr 22, 2016.
             Succumbed to a goblin's poison
             ... on level 1 of the Dungeon.
             The game lasted 00:00:17 (75 turns).

ololoev the Skirmisher (Hill Orc Fighter)             Turns: 75, Time: 00:00:18

Health: 0/20       AC:  6    Str: 18    XL:     1   Next: 50%
Magic:  1/1        EV:  9    Int:  8    God:
Gold:   0          SH:  0    Dex: 10    Spells: 0 memorised, 0 levels left

rFire  . . .     SeeInvis .     a - +0 war axe
rCold  . . .     Gourm    .     b - +0 scale mail
rNeg   . . .     Faith    .     (no shield)
rPois  .         Spirit   .     (no helmet)
rElec  .         Dismiss  .     (no cloak)
rCorr  .         Reflect  .     (no gloves)
SustAt .         Harm     .     (no boots)
MR     .....                    (no amulet)
Stlth  ..........               (no ring)
                                (no ring)

@: lethally poisoned (0 -> -2), not resistant to hostile enchantments, extremely
unstealthy
A: no striking features
a: no special abilities

Inventory:

Hand Weapons
 a - a +0 war axe (weapon)
Armour
 b - a +0 scale mail (worn)
Potions
 d - a potion of might
Comestibles
 f - a bread ration


   Skills:
 + Level 3.7 Fighting
 * Level 2.9 Axes
 + Level 3.3 Armour
   Level 3.2 Shields


You couldn't memorise any spells.
You didn't know any spells.


You were on level 1 of the Dungeon.
You were not hungry.

You visited 1 branch of the dungeon, and saw 1 of its levels.

.(.. #..# #..#
#..# #..# ..#
#.# #@#####
#.....######..#
#.###.........#
...#
#.#$#######
###.# #.#.# #..
..#.# ###.###.#
#. #.# . #.#

Notes
Turn   | Place    | Note
--------------------------------------------------------------
     0 | D:1      | ololoev the Hill Orc Fighter began the quest for the Orb.
     0 | D:1      | Reached XP level 1. HP: 19/19 MP: 1/1
    71 | D:1      | HP: 1/20 [poisoned by a goblin]
    75 | D:1      | Succumbed to a goblin's poison

Dungeon Overview and Level Annotations

Branches:
Dungeon (1/15)

Altars:


Message History

Found a staircase leading out of the dungeon.
Drop what? 5/52 slots (_ for help) (? for menu, Esc to quit)
You start removing your armour.
You continue taking off your +0 shield. x4
You finish taking off your +0 shield.
You drop a +0 shield.
Found a stone staircase leading down.
A giant gecko comes into view.
A giant gecko is nearby!
A giant gecko is nearby!
You miss the giant gecko. The giant gecko bites you.
The giant gecko closely misses you.
You barely miss the giant gecko. The giant gecko closely misses you.
You closely miss the giant gecko. The giant gecko barely misses you.
The giant gecko bites you.
You slash the giant gecko!
You kill the giant gecko!
No target in view!
No target in view!
No target in view!
No target in view!
No target in view!
No target in view!
No target in view!
No target in view!
No target in view!
No target in view!
You see here a giant gecko corpse.
There is a stone staircase leading down here.
A goblin comes into view. It is wielding a dagger of venom.
A goblin is nearby!
A goblin is nearby!
A goblin is nearby!
The goblin hits you but does no damage.
You are poisoned.
You closely miss the goblin.
You feel sick.
The goblin hits you with a dagger of venom.
You are lethally poisoned!
The goblin hits you but does no damage.
You slash the goblin!
You kill the goblin!
You feel sick.
You are too injured to fight recklessly!
You are too injured to fight recklessly!
You are too injured to fight recklessly!
You are too injured to fight recklessly!
You are too injured to fight recklessly!
You are too injured to fight recklessly!
You are too injured to fight recklessly!
You are too injured to fight recklessly!
You are too injured to fight recklessly!
You are too injured to fight recklessly!
You are too injured to fight recklessly!
You are too injured to fight recklessly!
You are too injured to fight recklessly!
You are too injured to fight recklessly!
You are too injured to fight recklessly!
You are too injured to fight recklessly!
You are too injured to fight recklessly!
You are too injured to fight recklessly!
You feel sick.
Things that are here:
a dagger of venom; a goblin corpse Drink which item? (? for menu, Esc to quit)
Okay, then.
You butcher the goblin corpse.
You feel sick.
Things that are here:
a dagger of venom; 2 chunks of flesh You feel sick.
You feel sick.
You feel sick.
You feel sick.
You feel sick.
You feel sick.
You feel sick.
You feel sick.
Found 15 gold pieces.
You feel sick.
You feel sick.
You see here 15 gold pieces.
You feel sick.
You die...

There were no monsters in sight!

Vanquished Creatures
  A giant gecko (D:1)
  A goblin (D:1)
2 creatures vanquished.

Action                   || total
-------------------------++-------
Melee: War axe           ||     6
Armor: Scale mail        ||     1
Dodge: Dodged            ||     3

Vault maps used:
D:1:      minmay_arrival_checkered_box
